 Dungeon Crawl Stone Soup version 0.30.1-11-g7821555f0a (webtiles) character file.

Game seed: 15731574714232199548

109 Martska the Trooper (level 5, -2/42 HPs)
             Began as a Human Fighter on Dec 1, 2023.
             Succumbed to an orc's poison
             ... on level 2 of the Dungeon.
             The game lasted 00:02:15 (1611 turns).

Martska the Trooper (Human Fighter)                 Turns: 1611, Time: 00:02:15

Health: -2/42      AC:  8    Str: 18    XL:     5   Next: 13%
Magic:  5/5        EV: 10    Int:  8    God:
Gold:   126        SH:  4    Dex: 13    Spells: 4/4 levels left

rFire   . . .        m - +2 short sword (elec)
rCold   . . .        c - +0 buckler
rNeg    . . .        b - +0 scale mail
rPois   .            (no helmet)
rElec   .            (no cloak)
rCorr   .            (no gloves)
SInv    .            s - +0 pair of boots
Will    .....        (no amulet) Stlth
                     (no ring)
HPRegen 0.27/turn    (no ring)
MPRegen 0.09/turn

%: no passive effects
@: lethally poisoned (-2 -> -26)
A: no striking features
a: no special abilities


You were on level 2 of the Dungeon.
You visited 1 branch of the dungeon, and saw 3 of its levels.

You collected 126 gold pieces.

Inventory:

Hand Weapons
 a - a +0 trident
 k - a +1 whip of electrocution
 m - a +2 short sword of electrocution (weapon)
Armour
 b - a +0 scale mail (worn)
 c - a +0 buckler (worn)
 s - a +0 pair of boots (worn)
Scrolls
 e - 2 scrolls of blinking {unknown}
 g - 2 scrolls of teleportation {unknown}
 i - 2 scrolls of identify {unknown}
 j - 2 scrolls of enchant armour {unknown}
 l - a scroll of enchant weapon {unknown}
 n - a scroll of torment {unknown}
 o - a scroll of fog {unknown}
 p - a scroll of immolation {unknown}
 t - a scroll of acquirement {unknown}
Potions
 d - a potion of might
 f - a potion of haste {unknown}
 h - a potion of cancellation {unknown}
 q - a potion of curing {unknown}
 r - a potion of magic {unknown}


   Skills:
 * Level 3.7 Fighting
 * Level 2.9 Polearms
 * Level 3.6 Armour
 * Level 2.0 Dodging
 - Level 3.0 Shields


You had 4 spell levels left.
You didn't know any spells.
Your spell library was empty.

Dungeon Overview and Level Annotations

Branches:
Dungeon (3/15)

Altars:

Shops:
D:1 *

Annotations:
D:2 Natasha


Message History

There are monsters nearby!
You hit the orc.
The orc is severely wounded.
The orc barely misses you.
An orc comes into view. It is wielding a +0 short sword.
An orc comes into view. It is wielding a +0 flail.
You hit the orc.
The orc is almost dead.
The orc closely misses you.
You completely miss the orc.
The orc is almost dead.
You block Natasha's attack.
The orc hits you with a +1 war axe of venom.
You are poisoned.
You feel sick. Natasha closely misses you. The orc barely misses you.
You climb upwards.
You feel sick.
There is a stone staircase leading down here.
You barely miss the orc.
The orc is almost dead.
You feel sick. Natasha closely misses you.
The orc hits you with a +1 war axe of venom.
You are more poisoned.
You closely miss the orc.
The orc is almost dead.
You feel very sick. Natasha casts a spell at you. The magic dart hits you.
The orc closely misses you.
You closely miss the orc.
The orc is almost dead.
You feel sick. You block Natasha's attack.
The orc hits you with a +1 war axe of venom!
You are lethally poisoned!
Unknown command.
You hit the orc. Lightning courses through the orc!
You kill the orc!
* * * LOW HITPOINT WARNING * * *
You feel extremely sick. Natasha claws you.
* * * LOW HITPOINT WARNING * * *
You die...

.##...####..###...#...#...##..#
#####..##..###...########.#..## #
##....#.....## #...## #
####...###.# ###.### # #...# #.#
#....# ## #...###.## #.##.### .#
#....##..#########.##.... .######
#..#...#<##.....##.##.##.
......###..###.>@##.....##.##.###
.####...........h.#.....#..##.##.
....###..#####..........#.#######
###..##..## ####.........# ##.
##........#######.#......## #..
........#..........<.....# ##.
##.######........#.......# ####..
#..####.).#......#[.....####.#.(.
........#####..........##.#......


You could see Natasha.

Vanquished Creatures
  Jessica (D:2)
  5 adders (D:2)
  2 dart slugs
  An orc (D:2)
  3 bats (D:1)
  2 endoplasms
  A giant cockroach (D:1)
  2 goblins (D:2)
  A hobgoblin (D:2)
  3 jackals (D:2)
  5 ball pythons
  A frilled lizard (D:1)
  5 kobolds
  3 rats
35 creatures vanquished.

Notes
Turn   | Place    | Note
-------+----------+-------------------------------------------
     0 | D:1      | Martska the Human Fighter began the quest for the Orb.
     0 | D:1      | Reached XP level 1. HP: 18/18 MP: 1/1
    59 | D:1      | Reached XP level 2. HP: 9/24 MP: 2/2
   538 | D:1      | Found Zex Loda's Assorted Antiques.
   768 | D:1      | Reached skill level 1 in Dodging
   862 | D:2      | Noticed Jessica
   864 | D:2      | Killed Jessica
   865 | D:2      | Reached XP level 3. HP: 29/29 MP: 3/3
   978 | D:2      | Reached XP level 4. HP: 35/35 MP: 4/4
  1431 | D:2      | Reached XP level 5. HP: 42/42 MP: 5/5
  1601 | D:3      | Noticed Natasha
  1611 | D:2      | Succumbed to an orc's poison

Illustrated notes

Levels and vault maps discovered:
D:1:      dpeg_arrival_simpleton_b, layout_basic, serial_shops,
          nicolae_shop_window_shopping
D:2:      layout_rooms, nicolae_figureground_sparkle, uniq_jessica
D:3:      layout_basic, nicolae_ru_great_annihilating_truth, uniq_natasha,
          uniq_sigmund

Skill      XL: |  1  2  3  4  5 |
---------------+----------------+-----
Dodging        | 1 2 |  2.0
Fighting       | |  3.7
Polearms       | |  2.9
Armour         | |  3.6
Shields        | |  3.0

Action                     |  1- 3 |  4- 6 || total
---------------------------+-------+-------++-------
  Melee: Trident           |    50 |    12 ||    62
         Short sword       |       |    40 ||    40
         Whip              |       |     4 ||     4
 Armour: Scale mail        |    16 |    19 ||    35
  Dodge: Dodged            |    17 |    27 ||    44
  Block: Buckler           |     8 |     9 ||    17
